 Dungeon Crawl Stone Soup version 0.32-a0-163-g159c032296 (webtiles) character file.

Game seed: 16085125694328281698

31802 whatisthis the Eclecticist (level 13, -4/94 HPs)
             Began as a Djinni Fire Elementalist on Feb 11, 2024.
             Was an Initiate of Gozag.
             Slain by a reaper
             ... wielding a -4 scythe of freezing
              (15 damage)
             ... in an ice cave.
             The game lasted 01:05:02 (17106 turns).

whatisthis the Eclecticist (DjFE)                  Turns: 17106, Time: 01:05:02

Health: -4/94      AC:  6    Str:  7    XL:     13   Next: 99%
Gold:   3024       EV: 19    Int: 22    God:    Gozag SH:  4 Dex: 14

rFire   + + .        i - staff of cold
rCold   . . .        G - +0 buckler
rNeg    . . .        t - +0 acid dragon scales
rPois   ∞            (no helmet)
rElec   .            (no cloak)
rCorr   +            (no gloves)
SInv    .            (boots unavailable)
Will    ++...        x - amulet of regeneration
Stlth   +            w - ring of willpower
HPRegen 1.15/turn    I - +5 ring of evasion
MPRegen 0.00/turn

%: infuse magic (-5 HP)
@: flying
A: sickness immunity, fire resistance 2, cold vulnerability 1, float, innate
caster, HP casting, extra vitality 1
a: Renounce Religion, Potion Petition, Call Merchant, Bribe Branch


You were in an ice cave.
You worshipped Gozag.
Gozag was most pleased with you.
You visited 3 branches of the dungeon, and saw 15 of its levels.
You also visited: Ice Cave.

You collected 3089 gold pieces.
You paid 65 gold pieces to Gozag.

Inventory:

Hand Weapons
 o - a +4 hand axe of electrocution
 A - a +0 short sword of venom
Missiles
 m - 18 boomerangs
 s - 18 poisoned darts
 D - 3 curare-tipped darts
 P - a throwing net
 Q - 5 javelins
Armour
 t - +0 acid dragon scales (worn)
 G - a +0 buckler (worn)
Magical Staves
 i - a staff of cold (weapon)
Jewellery
 w - a ring of willpower (left hand)
 x - an amulet of regeneration (around neck)
 I - a +5 ring of evasion (right hand)
Wands
 p - a wand of charming (29)
 q - a wand of mindburst (24)
 u - a wand of iceblast (8)
 y - a wand of flame (40)
 K - a wand of digging (5)
Scrolls
 a - a scroll of torment {unknown}
 e - 2 scrolls of fog
 f - 2 scrolls of silence
 g - a scroll of butterflies {unknown}
 k - 3 scrolls of revelation
 n - 2 scrolls of blinking {unknown}
 r - 4 scrolls of enchant armour
 B - 2 scrolls of poison
 H - a scroll of fear {unknown}
 L - a scroll of noise {unknown}
 M - a scroll of enchant weapon {unknown}
Potions
 b - 4 potions of enlightenment
 c - a potion of cancellation {unknown}
 d - a potion of ambrosia {unknown}
 h - 2 potions of might
 j - 6 potions of curing
 l - 3 potions of attraction
 v - 2 potions of lignification
 z - 2 potions of brilliance {unknown}
 C - 2 potions of mutation {unknown}
 E - a potion of degeneration {unknown}
 F - a potion of heal wounds {unknown}
 J - a potion of invisibility {unknown}
Miscellaneous
 N - a box of beasts
 O - a phantom mirror (inert)


   Skills:
 - Level 9.0 Fighting
 - Level 10.1 Dodging
 - Level 1.5 Stealth
 + Level 15.2 Spellcasting
 + Level 15.2 Conjurations
 + Level 15.2 Hexes
   Level 0.0 Charms
 + Level 15.2 Summonings
 + Level 15.2 Necromancy
 + Level 15.2 Translocations
   Level 0.0 Transmutations
 + Level 15.2 Fire Magic
 + Level 15.2 Ice Magic
 + Level 15.2 Air Magic
 + Level 15.2 Earth Magic
 + Level 15.2 Alchemy


You knew the following spells:

 Your Spells              Type           Power      Damage    Failure   Level
a - Foxfire               Conj/Fire      100%       2x1d9     1%          1
b - Scorch                Fire           100%       2d9       1%          2
c - Volatile Blastmotes   Fire/Tloc      100%       2d18      1%          3
d - Inner Flame           Hex/Fire       71%        N/A       1%          3
e - Flame Wave            Conj/Fire      71%        2d16      1%          4
f - Sting                 Conj/Alch      100%       1d9       1%          1
g - Ensorcelled Hibernat  Hex/Ice        100%       N/A       1%          2
h - Tukima's Dance        Hex            71%        N/A       1%          3
i - Fulminant Prism       Conj/Alch      35%        3d18      1%          4
j - Sticky Flame          Fire/Alch      71%        2d11      1%          4
k - Curse of Agony        Necr           71%        N/A       1%          5
Your spell library was empty.

Dungeon Overview and Level Annotations

Branches:
Dungeon (11/15)            Temple (1/1) D:5            Lair (3/5) D:10
    Orc (0/2) D:9           IceCv (1/1)
  Swamp: Lair:2-3    Shoals: Lair:2-3     Snake: Lair:2-3    Spider: Lair:2-3

Altars:
Ashenzari
Cheibriados
Dithmenos
Elyvilon
Fedhas
Gozag
Hepliaklqana
Makhleb
Nemelex Xobeh
Okawaru
Qazlal
Ru
Trog
Uskayaw
Wu Jian
Xom
Yredelemnul
Zin
The Shining One

Shops:
D:1 =

Annotations:
Lair:3 1 exclusion IceCv exclusion: 2 ice statues


Innate Abilities, Weirdness & Mutations

You are immune to sickness and miasma.
You are immune to poison.
Your flesh is very heat resistant. (rF++)
You are vulnerable to cold. (rC-)
You float through the air rather than walking.
You learn spells naturally, not from books.
Your magical power is your life essence.
You have superior vitality. (+4 MHP)


Message History

Confirm with . or Enter, or press ? or * to list all spells.
You can't see any susceptible monsters within range! (Use Z to cast anyway.) Unknown command.
Your reaper closely misses the reaper.
Casting: Scorch (safe; 1% risk of failure)
Confirm with . or Enter, or press ? or * to list all spells.
Flames lash the ice devil.
The ice devil is burned terribly!
The ice devil is moderately wounded.
The ice devil's fire resistance burns away.
Your reaper hits the reaper but does no damage.
The reaper completely misses you.
The ice devil hits your reaper but does no damage.
Casting: Scorch (safe; 1% risk of failure)
Confirm with . or Enter, or press ? or * to list all spells.
Flames lash the reaper but do no damage.
The reaper hits you from afar with a -4 scythe of freezing!!
The reaper drags you backwards! The reaper freezes you!
Your reaper hits the reaper but does no damage.
The spriggan simulacrum hits you but does no damage.
The ice devil hits your reaper but does no damage.
Casting: Scorch (safe; 1% risk of failure)
Confirm with . or Enter, or press ? or * to list all spells.
Flames lash the ice devil.
The ice devil is moderately wounded.
Your reaper shimmers and vanishes!
The reaper barely misses you.
The spriggan simulacrum closely misses you.
Casting: Scorch (safe; 1% risk of failure)
Confirm with . or Enter, or press ? or * to list all spells.
Flames lash the spriggan simulacrum.
The spriggan simulacrum melts!
The spriggan simulacrum is severely damaged.
The spriggan simulacrum's fire resistance burns away.
The reaper hits you with a -4 scythe of freezing!!
* * * LOW HITPOINT WARNING * * *
The reaper freezes you.
* * * LOW HITPOINT WARNING * * *
The reaper smiles without lips.
The reaper hits you from afar with a -4 scythe of freezing!
You die...
Your body crumbles into a pile of gold.

##.#.#### #### ##......I#
#### ##..##
#.......####..#####....##
#........##....##.......#
#...........#.......∩.∩.#
##.........###..........#
#.......#..≈##..##....##
#......###≈≈#######..##
#......I##@≈# ####
##.....##≈≈##
##....###24### ##..##
##Z..## ... #.....##
##......# #.......#
#..##...# #... #..##


You could see a reaper (combustible), an ice devil (combustible) and a spriggan
simulacrum (combustible).

Vanquished Creatures
  A minotaur (D:11)
  A hydra (Lair:2)
  3 two-headed ogres
  A tengu warrior (D:10)
  3 death yaks (D:11)
  Urug (Lair:2)
  A skyshark (Lair:3)
  Sonja (D:11)
  Pikel (D:3)
  An ugly thing (D:10)
  2 cyclopes
  2 black mambas
  5 cane toads
  9 yaktaurs (D:11)
  3 ice devils
  4 komodo dragons
  2 polar bears (Lair:2)
  2 trolls
  11 blink frogs
  A shadow (D:9)
  A vampire (D:11)
  4 wyverns
  A dire elephant simulacrum (IceCv)
  36 yaks
  A steam dragon (D:10)
  A vampire mosquito (D:10)
  A death yak simulacrum (IceCv)
  Edmund (D:4)
  A harpy simulacrum (IceCv)
  A naga (Lair:3)
  4 acid dragons
  8 water moccasins
  An orc warrior (D:9)
  2 ice beasts
  4 black bears
  2 ogres
  2 centaurs
  12 wolves (Lair:2)
  2 lemures (D:4)
  5 kobold brigands
  11 bullfrogs
  2 gnoll sergeants
  3 two-headed ogre simulacra (IceCv)
  A scorpion (D:5)
  6 wights
  3 howler monkeys (D:10)
  2 bombardier beetles (D:5)
  5 orc priests
  2 jellies
  A gnoll bouda (D:6)
  Jessica (D:3)
  Terence (D:3)
  3 iguanas
  Natasha (thrice) (D:4)
  8 orc wizards
  2 spriggan simulacra (IceCv)
  Ijyb (D:3)
  A polar bear simulacrum (IceCv)
  24 gnolls
  A river rat (D:4)
  10 adders
  A white imp (D:7)
  An ufetubus (IceCv)
  3 dart slugs
  3 ribbon worms
  30 orcs
  7 ball pythons
  5 bats
  5 endoplasms
  7 giant cockroaches (D:4)
  7 goblins
  7 hobgoblins
  2 quokkas
  2 frilled lizards
  9 kobolds
  3 rats
  A foxfire (D:9)
329 creatures vanquished.

Vanquished Creatures (collateral kills)
  2 two-headed ogres
  2 orcs (D:9)
  4 foxfires
8 creatures vanquished.

Vanquished Creatures (others)
  4 dancing weapons
  A human (D:3)
  613 foxfires
  48 fulminant prisms
666 creatures vanquished.

Grand Total: 1003 creatures vanquished

Notes
Turn   | Place    | Note
-------+----------+-------------------------------------------
     0 | D:1      | whatisthis the Djinni Fire Elementalist began the quest for
                  | the Orb.
     0 | D:1      | whatisthis set off with the following spells memorised:
                  | Foxfire, Scorch, Volatile Blastmotes, Inner Flame, Flame
                  | Wave.
     0 | D:1      | Reached XP level 1. HP: 15/15 MP: 0/0
   250 | D:1      | Reached XP level 2. HP: 19/21 MP: 0/0
   350 | D:1      | Found Mefot's Jewellery Emporium.
  1062 | D:2      | Reached XP level 3. HP: 23/25 MP: 0/0
  1062 | D:2      | Learned a level 1 spell: Sting
  1387 | D:2      | Reached XP level 4. HP: 20/31 MP: 0/0
  1577 | D:2      | Found a sacrificial altar of Ru.
  1626 | D:2      | Noticed a black bear
  1630 | D:2      | Killed a black bear
  1631 | D:2      | Reached skill level 5 in Spellcasting
  1631 | D:2      | Reached skill level 5 in Conjurations
  1631 | D:2      | Reached skill level 5 in Hexes
  1631 | D:2      | Reached skill level 5 in Summonings
  1631 | D:2      | Reached skill level 5 in Necromancy
  1631 | D:2      | Reached skill level 5 in Translocations
  1631 | D:2      | Reached skill level 5 in Fire Magic
  1631 | D:2      | Reached skill level 5 in Ice Magic
  1631 | D:2      | Reached skill level 5 in Air Magic
  1631 | D:2      | Reached skill level 5 in Earth Magic
  1631 | D:2      | Reached skill level 5 in Alchemy
  1631 | D:2      | Reached XP level 5. HP: 31/35 MP: 0/0
  1631 | D:2      | Learned a level 2 spell: Ensorcelled Hibernation
  1981 | D:3      | Noticed Terence
  2150 | D:3      | Killed Terence
  2151 | D:3      | Reached XP level 6. HP: 29/40 MP: 0/0
  2460 | D:3      | Noticed Jessica
  2462 | D:3      | Killed Jessica
  2511 | D:3      | Noticed Ijyb
  2519 | D:3      | Killed Ijyb
  2646 | D:3      | Found a faded altar of an unknown god.
  2758 | D:3      | Noticed a human
  2761 | D:3      | Killed a human
  2987 | D:4      | Noticed Edmund
  3025 | D:4      | Noticed Natasha
  3030 | D:4      | Killed Natasha
  3478 | D:4      | Reached XP level 7. HP: 43/45 MP: 0/0
  3478 | D:4      | Learned a level 3 spell: Tukima's Dance
  3512 | D:4      | Noticed Natasha
  3787 | D:4      | Killed Edmund
  4038 | D:4      | Noticed an acid dragon
  4042 | D:4      | Killed an acid dragon
  4308 | D:4      | Killed Natasha
  4309 | D:4      | Reached XP level 8. HP: 31/50 MP: 0/0
  4464 | D:4      | Noticed Pikel
  4480 | D:3      | Killed Pikel
  4931 | D:4      | Noticed Natasha
  4936 | D:4      | Killed Natasha
  4984 | D:5      | Entered Level 5 of the Dungeon
  5244 | D:5      | Reached XP level 9. HP: 53/55 MP: 0/0
  5244 | D:5      | Learned a level 4 spell: Fulminant Prism
  5312 | D:5      | Found a staircase to the Ecumenical Temple.
  5351 | Temple   | Entered the Ecumenical Temple
  5361 | Temple   | Became a worshipper of Gozag Ym Sagoz the Greedy
  6003 | D:6      | Noticed a cyclops
  6323 | D:6      | Reached skill level 1 in Fighting
  6350 | D:6      | Killed a cyclops
  6928 | D:7      | Found a hazy altar of Hepliaklqana.
  6929 | D:7      | Found a hide-covered altar of Uskayaw.
  7067 | D:7      | Reached skill level 5 in Dodging
  7241 | D:7      | Found a basalt altar of Yredelemnul.
  7295 | D:7      | Found a white marble altar of Elyvilon.
  7402 | D:7      | Found a broken altar of Ashenzari.
  7564 | D:8      | Noticed a troll
  7570 | D:8      | Killed a troll
  7571 | D:8      | Reached XP level 10. HP: 59/69 MP: 0/0
  8241 | D:9      | Noticed a two-headed ogre
  8311 | D:9      | Killed a two-headed ogre
  8312 | D:9      | Reached skill level 5 in Fighting
  8340 | D:9      | Found a staircase to the Orcish Mines.
  9099 | D:9      | Noticed a two-headed ogre
  9137 | D:9      | Killed a two-headed ogre
  9138 | D:9      | Reached XP level 11. HP: 48/79 MP: 0/0
  9138 | D:9      | Learned a level 4 spell: Sticky Flame
  9848 | D:10     | Entered Level 10 of the Dungeon
 10010 | D:10     | Noticed a deep elf pyromancer
 10010 | D:10     | Noticed a tengu warrior
 10044 | D:10     | Killed a tengu warrior
 10045 | D:10     | Reached skill level 10 in Dodging
 10610 | D:10     | Found a staircase to the Lair.
 10975 | D:10     | Noticed a purple ugly thing
 10993 | D:10     | Noticed a two-headed ogre
 11008 | D:10     | Killed a two-headed ogre
 11009 | D:10     | Reached skill level 10 in Spellcasting
 11009 | D:10     | Reached skill level 10 in Conjurations
 11009 | D:10     | Reached skill level 10 in Hexes
 11009 | D:10     | Reached skill level 10 in Summonings
 11009 | D:10     | Reached skill level 10 in Necromancy
 11009 | D:10     | Reached skill level 10 in Translocations
 11009 | D:10     | Reached skill level 10 in Fire Magic
 11009 | D:10     | Reached skill level 10 in Ice Magic
 11009 | D:10     | Reached skill level 10 in Air Magic
 11009 | D:10     | Reached skill level 10 in Earth Magic
 11009 | D:10     | Reached skill level 10 in Alchemy
 11284 | D:10     | Killed a purple ugly thing
 11486 | D:10     | Identified the +1 pair of gloves of Ufreploi {-Tele Regen+
                  | Int+4}
 11766 | D:11     | Noticed a two-headed ogre
 11779 | D:11     | Killed a two-headed ogre
 11885 | D:11     | Noticed a cyclops
 11902 | D:11     | Killed a cyclops
 11903 | D:11     | Reached XP level 12. HP: 59/89 MP: 0/0
 12023 | D:11     | Noticed Sonja
 12794 | D:11     | Noticed a death yak
 12901 | D:11     | Noticed a two-headed ogre
 12906 | D:11     | Killed a two-headed ogre
 12909 | D:11     | Killed Sonja
 13177 | D:11     | Noticed a death yak
 13205 | D:11     | Killed a death yak
 13208 | D:11     | Killed a death yak
 13209 | D:11     | Noticed a minotaur
 13248 | D:11     | Noticed a death yak
 13471 | D:11     | Identified the ring "Omeataysanu" {Int+7 Slay+4}
 13480 | D:11     | Noticed a death yak
 13489 | D:11     | Noticed a minotaur
 13595 | D:11     | Killed a death yak
 13850 | D:11     | Killed a minotaur
 14058 | Lair:1   | Entered Level 1 of the Lair of Beasts
 14147 | Lair:1   | Reached XP level 13. HP: 94/94 MP: 0/0
 14147 | Lair:1   | Learned a level 5 spell: Curse of Agony
 15075 | Lair:2   | Noticed a five-headed hydra
 15249 | Lair:2   | Noticed Urug
 15588 | Lair:2   | Killed a five-headed hydra
 15675 | Lair:2   | Killed Urug
 16686 | Lair:3   | Reached skill level 15 in Spellcasting
 16686 | Lair:3   | Reached skill level 15 in Conjurations
 16686 | Lair:3   | Reached skill level 15 in Hexes
 16686 | Lair:3   | Reached skill level 15 in Summonings
 16686 | Lair:3   | Reached skill level 15 in Necromancy
 16686 | Lair:3   | Reached skill level 15 in Translocations
 16686 | Lair:3   | Reached skill level 15 in Fire Magic
 16686 | Lair:3   | Reached skill level 15 in Ice Magic
 16686 | Lair:3   | Reached skill level 15 in Air Magic
 16686 | Lair:3   | Reached skill level 15 in Earth Magic
 16686 | Lair:3   | Reached skill level 15 in Alchemy
 16813 | Lair:3   | Found a frozen archway.
 16844 | IceCv    | Entered an ice cave
 17079 | IceCv    | Noticed a reaper
 17106 | IceCv    | Slain by a reaper

Illustrated notes

Levels and vault maps discovered:
D:1:      evilmike_arrival_rings, layout_loops_corners, serial_shops, shop
D:2:      layout_basic, serial_corexii_hall, chequers_hall_statues_wall_a,
          corexii_hall_statues_x, basic_altar
D:3:      layout_basic, tgw_kikubaaqudgha,
          dreamdust_ecumenical_altar_hidden_monk_grotto, minmay_strange_pillars,
          uniq_jessica, uniq_terence, uniq_ijyb
D:4:      layout_loops_corners, portal_sewer_entry_b, serial_bayou,
          serial_bayou_shore_b, serial_bayou_lake_a, serial_bayou_pond_d,
          serial_bayou_pond_c, uniq_pikel, uniq_natasha, uniq_edmund
D:5:      layout_rooms, minmay_temple_entry_glass, hangedman_glass_teeth
D:6:      layout_loops_ring, mainiacjoe_overflow_alcove_1
D:7:      layout_basic, kennysheep_ying_yang, mainiacjoe_overflow_alcove_4,
          nicolae_sif_muna_condensation, nicolae_overflow_two_pavilions
D:8:      layout_loops_ring
D:9:      layout_stronghold, kennysheep_orc_monster_closet_entryway
D:10:     wad_arrow_thing, layout_basic, david_lair_shrubbed, serial_rivers,
          chequers_serial_rivers_small_b, chequers_serial_rivers_micro_c,
          chequers_serial_rivers_micro_d, chequers_serial_rivers_small_3,
          chequers_decorated_corner
D:11:     fort_yaktaur, layout_basic, uniq_sonja
Temple:   nicolae_temple_great_sept
Lair:1:   layout_chaotic_city
Lair:2:   layout_loops_ring, grunt_forest_stairs_basic, uniq_urug
Lair:3:   layout_chaotic_city, minmay_swamp_entry_reptiles,
          minmay_snake_entry_guardpost_small, portal_ice_cave_demonic_guard,
          eino_small_chamber_without_monster, grunt_megastairs_4
IceCv:    ice_cave_small_demon

Skill      XL: |  1  2  3  4  5  6  7  8  9 10 11 12 13 |
---------------+----------------------------------------+-----
Spellcasting   | 4 5 6 7 8 9 10 13 15 | 15.2
Conjurations   | 4 5 6 7 8 9 10 13 15 | 15.2
Hexes          | 4 5 6 7 8 9 10 13 15 | 15.2
Summonings     | 4 5 6 7 8 9 10 13 15 | 15.2
Necromancy     | 4 5 6 7 8 9 10 13 15 | 15.2
Translocations | 4 5 6 7 8 9 10 13 15 | 15.2
Fire Magic     | 4 5 6 7 8 9 10 13 15 | 15.2
Ice Magic      | 4 5 6 7 8 9 10 13 15 | 15.2
Air Magic      | 4 5 6 7 8 9 10 13 15 | 15.2
Earth Magic    | 4 5 6 7 8 9 10 13 15 | 15.2
Alchemy        | 4 5 6 7 8 9 10 13 15 | 15.2
Fighting       | 4 7 9 |  9.0
Dodging        | 5 8 10 | 10.1
Stealth        | |  1.5

Action                     |  1- 3 |  4- 6 |  7- 9 | 10-12 | 13-15 || total
---------------------------+-------+-------+-------+-------+-------++-------
  Melee: Hand axe          |       |       |     2 |       |       ||     2
         Short sword       |       |       |       |     1 |     3 ||     4
  Throw: Dart              |       |       |       |     7 |     3 ||    10
   Cast: Foxfire           |    57 |    94 |   130 |    80 |     6 ||   367
         Scorch            |     9 |    19 |    25 |    57 |    40 ||   150
         Ensorcelled Hiber |       |     6 |    11 |    14 |       ||    31
         Sting             |       |     3 |     1 |     1 |     8 ||    13
         Volatile Blastmot |       |     6 |    29 |   139 |   104 ||   278
         Tukima's Dance    |       |       |     5 |    34 |       ||    39
         Fulminant Prism   |       |       |    10 |    36 |     2 ||    48
         Inner Flame       |       |       |       |     5 |     2 ||     7
         Sticky Flame      |       |       |       |     6 |     9 ||    15
         Flame Wave        |       |       |       |     3 |    24 ||    27
  Evoke: Wand              |       |       |     2 |    11 |       ||    13
         Phantom mirror    |       |       |       |     1 |     1 ||     2
         Box of beasts     |       |       |       |     1 |       ||     1
    Use: Scroll            |       |       |     4 |     7 |       ||    11
 Armour: Robe              |     2 |     5 |     8 |       |       ||    15
         Acid dragon scale |       |       |    14 |   109 |   109 ||   232
  Dodge: Dodged            |     3 |     4 |     8 |    99 |    93 ||   207
  Block: Buckler           |       |       |       |     9 |    16 ||    25

Table legend: (Time is in decaauts)
 A = Elapsed time spent in this place.
 B = Non-inter-level travel time spent in this place.
 C = Inter-level travel time spent in this place.
 D = Time resting spent in this place.
 E = Time spent auto-exploring this place.
 F = Levels seen in this place.
 G = Mean time per level.
                   A        B        C        D        E       F      G
               +--------+--------+--------+--------+--------+-----+--------+
         Total |  17119 |  16072 |   1047 |   2611 |   8060 |  16 | 1069.9 |
       Dungeon |  14042 |  13236 |    806 |   2087 |   6967 |  11 | 1276.5 |
        Temple |     20 |     11 |      9 |      0 |      0 |   1 |   20.0 |
          Lair |   2794 |   2562 |    232 |    429 |   1093 |   3 |  931.3 |
      Ice Cave |    261 |    261 |      0 |     95 |      0 |   1 |  261.0 |
               +--------+--------+--------+--------+--------+-----+--------+

Top non-repeatable levels by time:
    D:11: 2414 daAuts
    D:10: 1733 daAuts
     D:4: 1595 daAuts
     D:9: 1456 daAuts
  Lair:1: 1391 daAuts
     D:3: 1361 daAuts
  Lair:2: 1194 daAuts
     D:6: 1086 daAuts
     D:2: 1020 daAuts
     D:1: 1009 daAuts
     D:8: 960 daAuts
     D:7: 851 daAuts
     D:5: 553 daAuts
   IceCv: 261 daAuts
  Lair:3: 208 daAuts
